AoeStats
← fassu

African Clearing

504357416Analyzed
4v4 RM · 28d ago on Sep 5, 2026· 46m 37s· 8 players
Game mode
Random Map
Map size
Large (8 player)
Population
200
Speed
Normal
Resources
Standard
Victory
Conquest
Starting age
Dark Age
Ending age
Imperial Age
RankedLock teamsTeams togetherTeam positionsShared explorationLock speedFull tech treeHidden civsTurbo modeCheats
Victory
Defeat
🇦🇷 Spanish · Argentina
1983
+2
🇦🇷 Hindustanis · Argentina
1392
+19
🇦🇷 Huns · Argentina
1360
+20
🇪🇸 Magyars · Spain
1338
+21
🇺🇸 Tatars · United States
1556
-18
🇦🇷 Mongols · Argentina
1495
-16
🇨🇦 Persians · Canada
1490
-16
🇺🇸 Mapuche · United States
1418
-12
Feisty
13:47 Feudal Age
15:27 Loom
16:37 Double-Bit Axe
19:18 Castle Age
20:19 Bow Saw
20:01 Fishing Lines
21:07 Town Watch
21:59 Wheelbarrow
29:47 Scale Barding Armor
30:40 Forging
31:09 Chain Barding Armor
31:34 Fletching
36:51 Imperial Age
35:53 Horse Collar
39:37 Bodkin Arrow
39:43 Padded Archer Armor
40:24 Bracer
41:14 Leather Archer Armor
45:21 Chemistry
46:01 Ring Archer Armor
46:02 Ballistics
BoogStasher3000
4:10 Loom
12:12 Feudal Age
12:42 Double-Bit Axe
24:02 Castle Age
22:19 Horse Collar
24:09 Fletching
24:58 Wheelbarrow
25:02 Bow Saw
25:38 Heavy Plow
26:46 Elite Skirmisher
31:28 Padded Archer Armor
34:44 Bodkin Arrow
Persian Assassin
10:00 Loom
12:19 Feudal Age
15:12 Wheelbarrow
19:24 Castle Age
17:53 Horse Collar
20:07 Double-Bit Axe
31:26 Town Watch
31:47 Gold Mining
35:50 Imperial Age
33:41 Scale Barding Armor
34:04 Bloodlines
34:10 Husbandry
34:22 Forging
35:06 Chain Barding Armor
35:25 Hand Cart
35:28 Cavalier
36:30 Conscription
36:47 Iron Casting
36:52 Savar
38:48 Plate Barding Armor
38:07 Pikeman
38:47 Squires
40:25 Blast Furnace
39:52 Scale Mail Armor
40:01 Halberdier
43:44 Chain Mail Armor
fassu
6:56 Loom
14:03 Feudal Age
17:56 Castle Age
15:44 Double-Bit Axe
16:54 Gold Mining
17:01 Fletching
22:44 Ballistics
23:42 Bodkin Arrow
26:21 Padded Archer Armor
27:50 Bloodlines
27:58 Stone Mining
28:43 Husbandry
31:12 Wheelbarrow
30:22 Town Watch
37:14 Imperial Age
39:06 Chemistry
38:08 Bracer
39:03 Parthian Tactics
39:20 Gold Shaft Mining
42:36 Bow Saw
42:18 Pikeman
43:16 Leather Archer Armor
43:59 Thumb Ring
44:24 Conscription
45:15 Masonry
44:52 Elite Mangudai
PSX | Acido
9:05 Loom
14:17 Feudal Age
19:34 Castle Age
18:07 Double-Bit Axe
18:54 Horse Collar
21:15 Bloodlines
27:31 Gold Mining
30:48 Scale Barding Armor
34:47 Chain Barding Armor
35:58 Gold Shaft Mining
35:35 Heavy Plow
36:21 Wheelbarrow
40:34 Imperial Age
40:40 Imperial Age
40:16 Hand Cart
40:44 Husbandry
40:45 Cavalier
42:25 Plate Barding Armor
PSX | DP11A
4:03 Loom
12:36 Feudal Age
17:30 Forging
22:32 Castle Age
20:53 Double-Bit Axe
21:26 Fletching
22:27 Padded Archer Armor
22:40 Bloodlines
23:36 Bodkin Arrow
26:12 Leather Archer Armor
28:05 Ballistics
44:50 Imperial Age
42:18 Gold Mining
42:18 Stone Mining
42:19 Gold Mining
42:19 Stone Mining
43:21 Bow Saw
43:32 Thumb Ring
43:29 Stone Mining
44:17 Horse Collar
44:56 Heavy Cavalry Archer
45:59 Bracer
47:05 Chemistry
47:03 Parthian Tactics
46:33 Light Cavalry
PSX | Cristov
6:33 Loom
14:56 Feudal Age
20:20 Castle Age
18:10 Double-Bit Axe
19:00 Scale Barding Armor
20:16 Town Watch
20:57 Horse Collar
21:50 Bow Saw
22:16 Husbandry
26:33 Bloodlines
26:36 Forging
29:08 Wheelbarrow
29:31 Chain Barding Armor
30:49 Town Watch
31:23 Gold Mining
33:35 Heavy Plow
34:22 Iron Casting
37:55 Gold Shaft Mining
41:27 Imperial Age
39:51 Light Cavalry
41:31 Heavy Camel Rider
42:56 Plate Barding Armor
43:24 Imperial Camel Rider
47:16 Two-Man Saw
wR.Prisma
12:58 Feudal Age
13:08 Loom
13:47 Double-Bit Axe
16:46 Castle Age
15:10 Stone Mining
17:46 Bow Saw
18:41 Wheelbarrow
18:31 Horse Collar
20:59 Heavy Plow
25:34 Hand Cart
32:21 Imperial Age
29:43 Gold Mining
30:15 Padded Archer Armor
31:05 Stone Shaft Mining
31:29 Leather Archer Armor
32:03 Bloodlines
31:53 Husbandry
32:30 Elite Conquistador
33:53 Ring Archer Armor
34:19 Conscription
35:53 Two-Man Saw
36:07 Supremacy
38:08 Fletching
39:18 Hoardings
39:01 Bodkin Arrow
39:40 Masonry
39:51 Ballistics
40:32 Chemistry
41:05 Bracer
41:36 Architecture
42:11 Coinage
41:51 Guilds
45:07 Banking
Connection lost

Rejoining the realm…

Still unreachable

The connection could not be restored.

Session expired

The server has moved on; the page needs a fresh start.